 Dungeon Crawl Stone Soup version 0.21.1-1-g345015f (webtiles) character file.

463 tidbits the Grave Robber (level 7, 50/55 HPs)
             Began as a Gnoll Necromancer on June 16, 2018.
             Quit the game on level 7 of the Dungeon.
             The game lasted 00:10:25 (1113 turns).

tidbits the Grave Robber (Gnoll Necromancer)        Turns: 1113, Time: 00:10:26

Health: 50/55      AC:  3    Str: 12    XL:     7   Next: 7%
Magic:  15/15      EV: 15    Int: 19    God:
Gold:   106        SH:  0    Dex: 16    Spells: 4/17 levels left

rFire    . . .     SeeInvis .   a - +0 dagger
rCold    . . .     Gourm    .   (no shield)
rNeg     . . .     Faith    .   e - +0 robe
rPois    .         Spirit   .   (no helmet)
rElec    .         Reflect  .   (no cloak)
rCorr    .         Harm     .   G - +0 pair of gloves
MR       .....                  (no boots)
Stlth    +++.......             (no amulet)
HPRegen  0.58/turn              (no ring)
MPRegen  0.14/turn              (no ring)

@: no status effects
A: distributed training, fangs 1, regeneration 1, robust 1, strong 1, sturdy
frame 1, strong nose
a: no special abilities


You were on level 7 of the Dungeon.
You were very hungry.

You visited 1 branch of the dungeon, and saw 8 of its levels.

You collected 166 gold pieces.
You spent 60 gold pieces at shops.

Inventory:

Hand Weapons
 a - a +0 dagger (weapon)
 k - a +0 war axe
 l - a +0 flail
 m - a +3 flail of holy wrath
   (You took it off an orc on level 4 of the Dungeon)
 s - a +2 quarterstaff of protection
   (You found it on level 4 of the Dungeon)
Missiles
 r - 54 arrows
Armour
 e - a +0 robe (worn)
 f - a +0 ring mail
 G - a +0 pair of gloves (worn)
Scrolls
 h - a scroll of blinking
 j - a scroll of teleportation
 n - 2 scrolls of remove curse
Potions
 d - a potion of agility {unknown}
 g - a potion of might
 i - a potion of berserk rage
 o - 3 potions of curing
 p - a potion of flight
Books
 b - a book of Necromancy

   Spells                             Type                      Level
   a - Pain                           Necromancy                   1
   b - Animate Skeleton               Necromancy                   1
   c - Vampiric Draining              Necromancy                   3
   d - Regeneration                   Charms/Necromancy            3
   e - Animate Dead                   Necromancy                   4
   f - Borgnjor's Vile Clutch         Necromancy/Earth             5
Comestibles
 c - 6 rations


   Skills:
 + Level 2.2 Fighting
 + Level 2.2 Short Blades
 + Level 2.2 Long Blades
 + Level 2.2 Axes
 + Level 2.2 Maces & Flails
 + Level 2.2 Polearms
 + Level 2.2 Staves
 + Level 2.2 Slings
 + Level 2.2 Bows
 + Level 2.2 Crossbows
 + Level 2.2 Throwing
 + Level 2.2 Armour
 + Level 5.1 Dodging
 + Level 4.7 Stealth
 + Level 2.2 Shields
 + Level 2.2 Unarmed Combat
 + Level 5.5 Spellcasting
 + Level 1.8 Conjurations
 + Level 1.8 Hexes
 + Level 1.8 Charms
 + Level 1.8 Summonings
 + Level 7.3 Necromancy
 + Level 1.8 Translocations
 + Level 1.8 Transmutations
 + Level 1.8 Fire Magic
 + Level 1.8 Ice Magic
 + Level 1.8 Air Magic
 + Level 1.8 Earth Magic
 + Level 1.8 Poison Magic
 + Level 2.4 Invocations
 + Level 2.2 Evocations


You had 4 spell levels left.
You knew the following spells:

 Your Spells              Type           Power        Failure   Level  Hunger
a - Pain                  Necr           ####         1%          1    None
d - Vampiric Draining     Necr           ####......   1%          3    ##.....
n - Animate Skeleton      Necr           N/A          1%          1    None
r - Regeneration          Chrm/Necr      ###.......   5%          3    ##.....
v - Borgnjor's Vile Clut  Necr/Erth      ###.......   45%         5    #####..


Dungeon Overview and Level Annotations

Branches:
Dungeon (8/15)
 Temple: D:4-7         Lair: D:8-11

Altars:
Qazlal

Shops:
D:6 *

Annotations:
D:3 Sigmund


Innate Abilities, Weirdness & Mutations

Your experience applies equally to all skills.
You have very sharp teeth.
Your uncanny sense of smell can sniff out nearby items.
Your natural rate of healing is unusually fast.
You are robust. (+10% HP)
Your muscles are strong. (Str +2)
Your movements are slightly less encumbered by armour. (ER -2)


Message History

Unknown command.
You see here a ration.
c - 6 rations (gained 1)
A crimson imp comes into view.
The crimson imp shouts!
Found a scroll of remove curse.
The crimson imp hits you but does no damage.
You hit the crimson imp.
The crimson imp convulses.
The crimson imp is moderately wounded.
The crimson imp hits you.
You miss the crimson imp.
The crimson imp is moderately wounded.
The crimson imp closely misses you.
You sock the crimson imp!
The crimson imp convulses!
You kill the crimson imp!
You have reached level 7!
HP restored.
You see here a scroll of remove curse.
n - 2 scrolls of remove curse (gained 1)
Found a whip.
Found a robe.
A crimson imp comes into view.
Unknown command.
Found a plate armour.
You miss the crimson imp.
The crimson imp shouts!
You hear an angry hiss.
The crimson imp hits you. The crimson imp closely misses you.
You closely miss the crimson imp.
The crimson imp blinks!
The crimson imp blinks!
The frilled lizard completely misses you.
Found an escape hatch in the floor.
You are feeling hungry.
You hit the frilled lizard.
You kill the frilled lizard!
There is an escape hatch in the floor here.
Found a stone staircase leading down.
Found a scroll of identify.
You see here a scroll of identify.
As you read the scroll of identify, it crumbles to dust.
p - a potion of flight
There is a stone staircase leading down here.
You climb downwards.
Found a robe.
Found Extorr's General Store.
There is a stone staircase leading up here.
Unknown command.
There is an entrance to Extorr's General Store here.
o - 2 potions of curing (gained 1);
q - a scroll of identify Thank you for shopping at Extorr's General Store!
As you read the scroll of identify, it crumbles to dust.
i - a potion of berserk rage
Found a scroll labeled QUSASHR RO JAA.
You see here a scroll labeled QUSASHR RO JAA.
q - a scroll labeled QUSASHR RO JAA
As you read the scroll labeled QUSASHR RO JAA, it crumbles to dust.
You assume a fearsome visage.
Nothing appears to happen.
It was a scroll of fear.
There is a stone staircase leading up here.
There is a stone staircase leading down here.
You climb downwards.
There is a stone staircase leading up here.
Unknown command.
Found a stone staircase leading down.
There is a stone staircase leading down here.
You climb downwards.
There is a stone staircase leading up here.
Unknown command.
You climb upwards.
There is a stone staircase leading down here.
Unknown command.
Wield which item (- for none, * to show all)? (? for menu, Esc to quit)
Your +3 flail of holy wrath stops glowing.
a - a +0 dagger (weapon)
You open the door.
There is an open door here.
Found 26 arrows.
You found an alarm trap!
You see here 26 arrows.
r - 54 arrows (gained 26)
Found 15 gold pieces.
You see here 15 gold pieces.
You now have 106 gold pieces (gained 15).
Found a potion of curing.
You see here a potion of curing.
o - 3 potions of curing (gained 1)
You open the door.
There is an open door here.
Found 13 gold pieces.
An iguana and an adder come into view.
You are feeling very hungry.
A bullfrog zombie comes into view.
Found 2 scrolls of remove curse.
A quasit comes into view.
The bullfrog zombie hits you but does no damage.
Found a knobbly glowing staff.
The bullfrog zombie hits you.
Unknown command.
Found a scroll of teleportation and a ring mail.
The bullfrog zombie hits you but does no damage.
Found a stone staircase leading down.
Are you sure you want to abandon this character and quit the game? (Confirm with "yes".)

####.# ..... .....[ #
...... ..... ..# #...#
$. #|..# ..## #...# ...
#...# .....
#...###...###...###..#
.....................#
................@....##
...............lZ.....#
#...###...###...###?...#
#...# #...# #...# ...>
#...###...###...###.....
.................?......
...................... .
....................5.
#...###...###...###...


You could see an iguana and a bullfrog zombie.

Vanquished Creatures
  An ogre (D:5)
  A phantom (D:5)
  A scorpion (D:4)
  A crimson imp (D:5)
  2 hounds (D:5)
  3 worker ants
  4 adders
  A worm (D:6)
  9 orcs
  A giant cockroach (D:3)
  2 goblins
  2 quokkas
  3 frilled lizards
  3 kobolds
  A quokka skeleton (D:5)
  2 rats
37 creatures vanquished.

Notes
Turn   | Place    | Note
-------+----------+-------------------------------------------
     0 | D:1      | tidbits the Gnoll Necromancer began the quest for the Orb.
     0 | D:1      | Reached XP level 1. HP: 13/13 MP: 6/6
   106 | D:3      | Reached XP level 2. HP: 14/19 MP: 5/7
   109 | D:3      | Learned a level 1 spell: Animate Skeleton
   147 | D:3      | Noticed Sigmund
   216 | D:3      | Reached skill level 5 in Spellcasting
   216 | D:3      | Reached XP level 3. HP: 15/25 MP: 4/9
   221 | D:3      | Learned a level 3 spell: Vampiric Draining
   225 | D:3      | Learned a level 3 spell: Regeneration
   263 | D:5      | Entered Level 5 of the Dungeon
   326 | D:4      | Reached skill level 1 in Invocations
   336 | D:5      | Noticed a hippogriff
   348 | D:4      | Noticed a scorpion
   356 | D:4      | Killed a scorpion
   356 | D:4      | Reached skill level 1 in Fighting
   356 | D:4      | Reached skill level 1 in Short Blades
   356 | D:4      | Reached skill level 1 in Long Blades
   356 | D:4      | Reached skill level 1 in Axes
   356 | D:4      | Reached skill level 1 in Maces & Flails
   356 | D:4      | Reached skill level 1 in Polearms
   356 | D:4      | Reached skill level 1 in Staves
   356 | D:4      | Reached skill level 1 in Slings
   356 | D:4      | Reached skill level 1 in Bows
   356 | D:4      | Reached skill level 1 in Crossbows
   356 | D:4      | Reached skill level 1 in Throwing
   356 | D:4      | Reached skill level 1 in Armour
   356 | D:4      | Reached skill level 1 in Shields
   356 | D:4      | Reached skill level 1 in Unarmed Combat
   356 | D:4      | Reached skill level 1 in Evocations
   356 | D:4      | Reached XP level 4. HP: 21/32 MP: 2/11
   376 | D:4      | Reached skill level 1 in Conjurations
   376 | D:4      | Reached skill level 1 in Hexes
   376 | D:4      | Reached skill level 1 in Charms
   376 | D:4      | Reached skill level 1 in Summonings
   376 | D:4      | Reached skill level 1 in Translocations
   376 | D:4      | Reached skill level 1 in Transmutations
   376 | D:4      | Reached skill level 1 in Fire Magic
   376 | D:4      | Reached skill level 1 in Ice Magic
   376 | D:4      | Reached skill level 1 in Air Magic
   376 | D:4      | Reached skill level 1 in Earth Magic
   376 | D:4      | Reached skill level 1 in Poison Magic
   420 | D:5      | Reached XP level 5. HP: 22/37 MP: 7/12
   503 | D:4      | Gained mutation: Your muscles are strong. (Str +2) [potion of mutation]
   503 | D:4      | Gained mutation: Your natural rate of healing is unusually fast. [potion of mutation]
   503 | D:4      | Gained mutation: Your movements are slightly less encumbered by armour. (ER -2) [potion of mutation]
   503 | D:4      | Gained mutation: You are robust. (+10% HP) [potion of mutation]
   544 | D:4      | You fall through a shaft for 2 floors!
   616 | D:6      | Reached XP level 6. HP: 46/48 MP: 6/13
   620 | D:6      | Reached skill level 2 in Invocations
   635 | D:5      | Reached skill level 2 in Fighting
   635 | D:5      | Reached skill level 2 in Short Blades
   635 | D:5      | Reached skill level 2 in Long Blades
   635 | D:5      | Reached skill level 2 in Axes
   635 | D:5      | Reached skill level 2 in Maces & Flails
   635 | D:5      | Reached skill level 2 in Polearms
   635 | D:5      | Reached skill level 2 in Staves
   635 | D:5      | Reached skill level 2 in Slings
   635 | D:5      | Reached skill level 2 in Bows
   635 | D:5      | Reached skill level 2 in Crossbows
   635 | D:5      | Reached skill level 2 in Throwing
   635 | D:5      | Reached skill level 2 in Armour
   635 | D:5      | Reached skill level 5 in Dodging
   635 | D:5      | Reached skill level 2 in Shields
   635 | D:5      | Reached skill level 2 in Unarmed Combat
   635 | D:5      | Reached skill level 2 in Evocations
   642 | D:5      | Learned a level 5 spell: Borgnjor's Vile Clutch
   661 | D:5      | Found a stormy altar of Qazlal.
   756 | D:5      | Noticed a phantom
   821 | D:5      | Killed a phantom
   879 | D:5      | Reached XP level 7. HP: 53/55 MP: 15/15
   940 | D:6      | Found Extorr's General Store.
   946 | D:6      | Bought a potion of curing for 36 gold pieces
   946 | D:6      | Bought a scroll of identify for 24 gold pieces
  1113 | D:7      | Quit the game

Skill      XL: |  1  2  3  4  5  6 |
---------------+-------------------+-----
Spellcasting   | 5 |  5.5
Invocations    | 1 2 |  2.4
Fighting       | 1 2 |  2.2
Short Blades   | 1 2 |  2.2
Long Blades    | 1 2 |  2.2
Axes           | 1 2 |  2.2
Maces & Flails | 1 2 |  2.2
Polearms       | 1 2 |  2.2
Staves         | 1 2 |  2.2
Slings         | 1 2 |  2.2
Bows           | 1 2 |  2.2
Crossbows      | 1 2 |  2.2
Throwing       | 1 2 |  2.2
Armour         | 1 2 |  2.2
Shields        | 1 2 |  2.2
Unarmed Combat | 1 2 |  2.2
Evocations     | 1 2 |  2.2
Conjurations   | 1 |  1.8
Hexes          | 1 |  1.8
Charms         | 1 |  1.8
Summonings     | 1 |  1.8
Translocations | 1 |  1.8
Transmutations | 1 |  1.8
Fire Magic     | 1 |  1.8
Ice Magic      | 1 |  1.8
Air Magic      | 1 |  1.8
Earth Magic    | 1 |  1.8
Poison Magic   | 1 |  1.8
Dodging        | 5 |  5.1
Stealth        | |  4.7
Necromancy     | |  7.3

Action                   |  1- 3 |  4- 6 |  7- 9 || total
-------------------------+-------+-------+-------++-------
Melee: Dagger            |     3 |     9 |       ||    12
       Flail             |       |    33 |     3 ||    36
       Bite              |       |     5 |       ||     5
       Punch             |       |     1 |       ||     1
 Cast: Pain              |    31 |    30 |       ||    61
       Regeneration      |     1 |     4 |       ||     5
  Use: Scroll            |       |     6 |     3 ||     9
       Potion            |       |     1 |       ||     1
 Stab: Sleeping          |     3 |     3 |       ||     6
Armor: Robe              |     1 |     3 |     2 ||     6
Dodge: Dodged            |     7 |    29 |     2 ||    38

Table legend:
 A = Turns spent in this place as a percentage of turns spent in the entire game.
 B = Non-inter-level travel turns spent in this place as a percentage of non-inter-level travel turns spent in the entire game.
 C = Inter-level travel turns spent in this place as a percentage of turns spent in this place.
 D = Turns resting spent in this place as a percentage of non-inter-level travel turns spent in this place.
 E = Turns spent auto-exploring this place as a percentage of non-inter-level travel turns spent in this place.
 F = Non-inter-level travel turns spent in this place divided by the number of levels of this place that you've seen.
                   A       B       C       D       E      F
               +-------+-------+-------+-------+-------+----------------------
         Total | 100.0 | 100.0 |   0.0 |   0.0 |   0.0 | 139.1
       Dungeon | 100.0 | 100.0 |   0.0 |   0.0 |   0.0 | 139.1
               +-------+-------+-------+-------+-------+----------------------

Table legend:
 A = Kills in this place as a percentage of kills in entire the game.
 B = Kills by you in this place as a percentage of kills by you in the entire game.
 C = Kills by friends in this place as a percentage of kills by friends in the entire game.
 D = Other kills in this place as a percentage of other kills in the entire game.
 E = Experience gained in this place as a percentage of experience gained in the entire game.
 F = Experience gained in this place divided by the number of levels of this place that you have seen.
                   A       B       C       D       E      F
               +-------+-------+-------+-------+-------+----------------------
         Total | 100.0 | 100.0 |   N/A |   N/A | 100.0 |  82.8
       Dungeon | 100.0 | 100.0 |   N/A |   N/A | 100.0 |  82.8
               +-------+-------+-------+-------+-------+----------------------

Vault maps used:
D:1:      dpeg_arrival_short_road
D:2:      nicolae_overflow_hidden_temple, fedhas_altar_4
D:3:      uniq_sigmund
D:4:      kennysheep_mini, first_ration
D:5:      overflow_temple_1_default, temple_doors_cd, grunt_ministairs_5
D:6:      serial_shops, shop, uniq_blork_the_orc
D:7:      nicolae_ru_awakened_eye, eat_drink_and_be_merry_uskayaw, the_bakery,
          kennysheep_boxes, uniq_prince_ribbit1
